Map: Romanticide LE

Players

Ryu

  • Race: Zerg Zerg

Cham - Winner!

  • Race: Zerg Zerg

Event: DreamHack SC2 Masters 2021 Winter

VOD

Have the link to the VOD?

Description

Time

  • Played on: Oct. 2, 2021, 3:32 p.m.
  • Length: 9:08

All games in this series

Show
View Real Time Build Order
Export as new Build Order

Ryu Zerg 

Build Orders: Hatch First 

Get SALT Encoding   

  12  0:01  Drone  
  13  0:12  Overlord  
  13  0:18  Drone  
  14  0:31  Drone x2  
  16  0:48  Hatchery  
  15  0:51  Drone  
  15  0:54  Drone  
  17  0:58  Drone  
  18  1:04  Extractor  
  17  1:13  Spawning Pool  
  17  1:16  Drone  
  17  1:20  Drone  
  18  1:28  Drone  
  19  1:39  Drone  
  20  1:50  Overlord  
  20  2:00  Queen  
  20  2:01  Queen  
  22  2:02  Zergling x2  
  22  2:05  Metabolic Boost  
  25  2:08  Drone  
  25  2:12  Drone x2  
  28  2:22  Zergling x4  
  30  2:41  Drone x2  
  30  2:42  Hatchery  
  31  2:48  Baneling Nest  
  31  2:49  Drone  
  30  2:53  Overlord  
  30  2:58  Drone  
  31  3:04  Drone  
  31  3:05  Drone  
  33  3:07  Overlord  
  33  3:11  Drone x2  
  35  3:16  Drone  
  35  3:17  Drone  
  35  3:18  Drone  
  38  3:21  Zergling x2  
  38  3:25  Evolution Chamber  
  38  3:26  Zergling x2  
  39  3:32  Baneling  
  39  3:33  Queen  
  41  3:35  Drone  
  41  3:39  Drone  
  44  3:41  Drone x2  
  44  3:46  Drone x2  
  47  3:52  Drone  
  47  3:53  Drone, Zerg Missile Weapons Level 1  
  49  3:56  Drone x2  
  49  4:01  Extractor  
  49  4:03  Drone  
  49  4:04  Zergling x2  
  49  4:08  Drone  
  49  4:09  Drone, Roach Warren  
  52  4:14  Lair  
  52  4:24  Drone x3  
  54  4:27  Drone x3  
  54  4:29  Overlord  
  54  4:30  Overlord  
  54  4:31  Baneling, Extractor  
  57  4:45  Overlord  
  56  4:51  Drone  
  56  4:52  Drone x11  
  68  4:54  Drone  
  68  4:59  Baneling  
  69  5:00  Drone, Extractor  
  69  5:04  Drone x2  
  71  5:14  Overseer, Extractor x2  
  71  5:15  Glial Reconstitution  
  71  5:16  Drone x3  
  71  5:18  Drone x3  
  75  5:22  Overlord  
  75  5:23  Roach  
  75  5:24  Roach x2  
  81  5:30  Overlord  
  81  5:31  Baneling x3  
  81  5:40  Queen, Nydus Network  
  82  5:43  Roach  
  82  5:44  Roach x3  
  87  5:51  Baneling x2  
  87  5:54  Roach x6  
  87  5:57  Queen  
  90  6:06  Roach x3  
  96  6:16  Nydus Canal  
  96  6:17  Roach  
  96  6:18  Overlord x4  
  98  6:31  Nydus Canal  
  98  6:39  Drone x2  
  97  6:40  Drone x3  
  97  6:41  Tunneling Claws, Burrow  
  97  6:44  Spore Crawler  
  97  6:46  Spore Crawler  
  73  6:56  Drone  
  73  6:58  Spore Crawler  
  73  6:59  Spore Crawler  
  73  7:00  Roach x5, Spore Crawler  
  72  7:02  Spore Crawler  
  72  7:05  Infestation Pit  
  72  7:08  Roach x2  
  71  7:15  Drone x4  
  75  7:16  Spore Crawler  
  74  7:23  Roach  
  74  7:27  Drone  
  74  7:28  Drone, Spore Crawler  
  74  7:29  Queen  
  77  7:32  Queen  
  77  7:33  Queen  
  77  7:35  Queen  
  79  7:42  Roach x5  
  88  7:44  Spore Crawler  
  88  7:46  Overlord x2  
  88  7:49  Spore Crawler  
  87  7:52  Overlord x3  
  87  7:58  Overlord  
  85  8:00  Drone  
  85  8:01  Drone x2  
  84  8:15  Drone x3  
  84  8:17  Roach  
  84  8:18  Roach x4  
  84  8:19  Queen  
  98  8:25  Queen  
  100  8:29  Spore Crawler  
  100  8:31  Drone  
  100  8:32  Drone x3  
  103  8:38  Roach x4  
  103  8:39  Roach x9  
  107  8:44  Roach x3  
  112  8:52  Hydralisk Den  
Show
View Real Time Build Order
Export as new Build Order

Cham Zerg - Winner!

Build Orders: Hatch First 

Get SALT Encoding   

  12  0:00  Drone  
  13  0:08  Drone  
  14  0:16  Overlord  
  14  0:35  Drone x2  
  16  0:47  Hatchery  
  15  0:51  Drone  
  15  0:55  Drone  
  17  0:58  Drone  
  18  1:12  Spawning Pool  
  18  1:14  Extractor  
  18  1:16  Drone  
  17  1:19  Drone  
  18  1:28  Drone  
  19  1:39  Drone  
  20  1:51  Drone  
  21  1:58  Queen  
  21  1:59  Queen  
  21  2:00  Drone  
  21  2:01  Overlord  
  26  2:10  Drone  
  26  2:12  Drone  
  26  2:15  Metabolic Boost  
  28  2:21  Drone  
  29  2:24  Zergling x2  
  30  2:31  Hatchery  
  30  2:34  Drone  
  30  2:41  Baneling Nest  
  30  2:44  Overlord  
  29  2:49  Drone x2  
  31  2:59  Zergling x2, Overlord  
  31  3:04  Zergling x2  
  33  3:06  Zergling x4  
  33  3:07  Drone  
  33  3:10  Drone  
  33  3:12  Drone  
  38  3:14  Drone  
  38  3:15  Drone  
  38  3:19  Evolution Chamber  
  39  3:21  Drone  
  40  3:28  Overlord  
  40  3:29  Drone  
  41  3:39  Drone x4  
  41  3:40  Drone  
  46  3:43  Drone  
  46  3:44  Drone  
  48  3:50  Drone, Zerg Melee Weapons Level 1  
  48  3:52  Overlord  
  48  3:56  Lair  
  48  3:59  Extractor  
  47  4:03  Roach Warren  
  47  4:07  Queen  
  48  4:10  Zergling x4  
  48  4:14  Drone x2  
  48  4:16  Drone  
  53  4:18  Drone x2  
  53  4:23  Overlord  
  55  4:24  Drone  
  55  4:26  Drone  
  55  4:27  Drone  
  57  4:32  Drone, Overlord  
  57  4:33  Drone  
  57  4:37  Drone  
  60  4:38  Overlord  
  60  4:43  Extractor  
  60  4:44  Extractor  
  60  4:45  Drone x3  
  60  4:46  Drone x2  
  60  4:49  Overlord  
  63  4:55  Spire  
  63  4:56  Zergling x2  
  63  4:58  Zergling x2  
  64  5:01  Zergling x4  
  64  5:05  Drone x3, Extractor  
  64  5:06  Extractor  
  67  5:13  Drone  
  68  5:14  Drone  
  68  5:15  Drone  
  68  5:17  Drone x2  
  68  5:18  Zergling x8  
  76  5:22  Baneling x2  
  76  5:23  Zergling x2, Baneling  
  76  5:24  Baneling  
  76  5:26  Zergling x4  
  79  5:33  Zergling x4  
  79  5:35  Zergling x2  
  82  5:36  Baneling  
  82  5:38  Zergling x2  
  82  5:42  Zergling x2  
  81  5:50  Zergling x6  
  81  5:51  Zergling x6  
  76  6:06  Mutalisk x7  
  76  6:07  Mutalisk  
  76  6:09  Zergling x4  
  92  6:16  Mutalisk  
  94  6:18  Mutalisk  
  94  6:23  Spine Crawler  
  94  6:24  Spine Crawler  
  94  6:25  Mutalisk  
  94  6:27  Zergling x4  
  94  6:28  Zergling x2  
  98  6:36  Zergling x2, Mutalisk x2  
  98  6:39  Zergling x4  
  95  6:41  Zergling x4  
  95  6:42  Zergling x4  
  93  6:52  Mutalisk x2  
  93  6:53  Zergling x2  
  97  7:01  Mutalisk  
  97  7:02  Zergling x4  
  101  7:10  Drone x3  
  101  7:12  Drone  
  105  7:18  Drone  
  105  7:22  Overlord  
  106  7:29  Centrifugal Hooks  
  104  7:40  Drone, Mutalisk x2  
  104  7:41  Drone, Mutalisk  
  112  7:50  Zergling x2  
  113  7:51  Overlord x2  
  113  7:52  Overlord x2  
  113  8:00  Hatchery, Overlord  
  113  8:03  Drone, Overlord x2  
  113  8:07  Overlord  
  113  8:12  Mutalisk  
  115  8:13  Zergling x6  
  115  8:16  Mutalisk  
  115  8:17  Zergling x2  
  121  8:21  Zergling x4  
  121  8:25  Baneling x9  
  121  8:26  Baneling  
  123  8:29  Drone x2  
  123  8:31  Drone x2  
  123  8:32  Drone  
  128  8:43  Drone x2  
  128  8:46  Baneling x4  
  128  8:47  Baneling x3  
  130  8:50  Zergling x4  

Tags
 
Add a new tag
Caveats
  • Supply blocks, unpowered buildings, or Contaminate may cause inaccurate times.
  • Supply counts are checked every 10 seconds.